 Dungeon Crawl Stone Soup version 0.29-a0-2-g12fcac58f8 (webtiles) character file.

Game seed: 4943182041681650623

508 fragbeetle the Chopper (level 7, -2/60 HPs)
             Began as a Hill Orc Cinder Acolyte on Jan 26, 2022.
             Was a High Priest of Ignis.
             Slain by Pikel (9 damage)
             ... on level 5 of the Dungeon.
             The game lasted 00:07:31 (3941 turns).

fragbeetle the Chopper (Hill Orc Cinder Acolyte)    Turns: 3941, Time: 00:07:32

Health: -2/60      AC:  4    Str: 17    XL:     7   Next: 18%
Magic:  11/11      EV: 11    Int: 16    God:    Ignis [*****.]
Gold:   16         SH:  0    Dex:  6    Spells: 10/12 levels left

rFire   + . .      SeeInvis .   i - +3 mace
rCold   . . .      Faith    .   (no shield)
rNeg    . . .      Spirit   .   e - +0 troll leather armour
rPois   .          Reflect  .   (helmet restricted)
rElec   .          Harm     .   (no cloak)
rCorr   .          Rampage  .   (no gloves)
Will    .....                   (no boots)
Stlth   ..........              (no amulet)
HPRegen 1.00/turn               (no ring)
MPRegen 0.12/turn               (no ring)

@: silenced
A: antennae 1
a: Renounce Religion


You were on level 5 of the Dungeon.
You worshipped Ignis.
Ignis was extremely pleased with you.
You visited 1 branch of the dungeon, and saw 5 of its levels.

You collected 154 gold pieces.
You spent 138 gold pieces at shops.

Inventory:

Hand Weapons
 a - a -1 hand axe of flaming
 i - a +3 mace (weapon)
Missiles
 f - 5 boomerangs
 y - 12 poisoned darts
 B - 2 curare-tipped darts
Armour
 b - a +0 robe
 e - a +0 troll leather armour (worn)
Magical Staves
 j - a staff of fire
Jewellery
 l - a ring of ice
 m - an amulet of guardian spirit
 n - an amulet of magic regeneration
Wands
 s - a wand of mindburst (9)
Scrolls
 h - a scroll of blinking {unknown}
 p - a scroll of noise {unknown}
 q - a scroll of amnesia {unknown}
 r - a scroll of torment {unknown}
 t - a scroll of brand weapon {unknown}
 v - a scroll of immolation {unknown}
 A - a scroll of enchant weapon {unknown}
 C - a scroll of fog
 D - a scroll of magic mapping
 F - a scroll of teleportation {unknown}
Potions
 c - 2 potions of mutation
 k - a potion of flight {unknown}
 o - a potion of curing
 u - a potion of heal wounds {unknown}
 w - a potion of lignification {unknown}
 x - a potion of haste {unknown}
 z - a potion of berserk rage {unknown}
 G - a potion of might {unknown}


   Skills:
 + Level 4.9 Fighting
 * Level 6.5 Axes
 * Level 3.0 Spellcasting
 * Level 5.4 Fire Magic


You had 10 spell levels left.
You knew the following spells:

 Your Spells              Type           Power      Damage    Failure   Level
a - Scorch                Fire           38%        2d6       3%          2

Your spell library contained the following spells:

 Spells                   Type           Power      Damage    Failure   Level
 Beastly Appendage        Tmut           4%         N/A       22%         1
 Wereblood                Tmut           2%         N/A       34%         2
 Dazzling Flash           Conj/Hex       4%         N/A       56%         3
 Spider Form              Tmut/Pois      2%         N/A       56%         3
 Agony                    Necr           2%         N/A       99%         5
 Silence                  Hex/Air        1%         N/A       99%         5


Dungeon Overview and Level Annotations

Branches:
Dungeon (5/15)
 Temple: D:4-7

Altars:
Cheibriados
Hepliaklqana
Vehumet

Shops:
D:4 ?

Annotations:
D:5 Pikel


Innate Abilities, Weirdness & Mutations

You have a pair of small antennae on your head.


Message History

Pikel burns you.
Pikel says, "You'll feel the lick of my whip!"
Pikel barely misses you.
You hear the slow rusting of a drain nearby.
Pikel says, "All the lords of Hell know my name!"
The orc throws a boomerang.
The boomerang barely misses you.
As you read the scroll labelled QAMONT OTWIAKI, it crumbles to dust.
A profound silence engulfs you.
It was a scroll of silence.
Pikel hits you with a +1 whip of flaming!
Pikel burns you. The orc hits you with a +0 flail.
The orc hits you but does no damage.
The orc throws a boomerang.
The boomerang hits you.
The orc throws a boomerang.
The boomerang closely misses you. The rat bites you but does no damage.
The orc hits you but does no damage. The rat bites you.
You sock the orc!
The orc is almost dead.
The rat bites you but does no damage. The orc hits you with a +3 trident.
The lemure barely misses you.
Pikel hits you with a +1 whip of flaming!
Pikel burns you. The orc hits you with a +4 morningstar!
* * * LOW HITPOINT WARNING * * *
The rat closely misses you.
You feel better. The orc closely misses you. The lemure misses you.
Pikel hits you with a +1 whip of flaming!
* * * LOW HITPOINT WARNING * * *
Pikel burns you.
* * * LOW HITPOINT WARNING * * *
The rat bites you but does no damage.
Unknown command.
Okay, then.
You hit the orc.
The orc is heavily wounded.
The orc hits you with a +3 trident.
* * * LOW HITPOINT WARNING * * *
The lemure hits you.
* * * LOW HITPOINT WARNING * * *
Pikel hits you with a +1 whip of flaming!
You die...

########## #..$.K@o5###
#...or5o......
#....[o5..#############
#........r.Y..†5oo.Z...
#..........#####.####..
#..........# #†# .
###......### #.# ..
#......# ##5####..
#......# #rr5.....


You could see Pikel, an ice beast, 3 lemures, 4 orcs, a quokka and a rat.

Vanquished Creatures
  3 scorpions (D:4)
  A bullfrog zombie (D:4)
  Terence (D:3)
  2 scorpion zombies (D:3)
  2 hound zombies (D:3)
  3 hound skeletons
  5 adders
  3 adder skeletons (D:3)
  A worm (D:2)
  5 orcs
  3 bats
  7 endoplasms
  9 giant cockroaches
  7 goblins
  3 hobgoblins
  13 jackals
  7 kobolds
  4 quokkas
  2 ball pythons
  2 ball python skeletons (D:3)
  A ball python zombie (D:3)
  4 frilled lizards
  2 quokka zombies (D:3)
  5 rats
95 creatures vanquished.

Notes
Turn   | Place    | Note
-------+----------+-------------------------------------------
     0 | D:1      | fragbeetle the Hill Orc Cinder Acolyte began the quest for
                  | the Orb.
     0 | D:1      | Reached XP level 1. HP: 19/19 MP: 2/2
   113 | D:1      | Reached XP level 2. HP: 25/27 MP: 3/3
   122 | D:1      | Learned a level 2 spell: Scorch
   178 | D:1      | Found a faded altar of an unknown god.
   645 | D:2      | Reached XP level 3. HP: 33/33 MP: 0/4
  1297 | D:2      | Reached XP level 4. HP: 40/40 MP: 1/6
  1745 | D:3      | Reached skill level 5 in Axes
  2066 | D:3      | Reached XP level 5. HP: 40/46 MP: 0/7
  2134 | D:3      | Noticed Terence
  2596 | D:3      | Killed Terence
  2597 | D:3      | Reached XP level 6. HP: 53/53 MP: 4/9
  2892 | D:3      | Found a hazy altar of Hepliaklqana.
  3083 | D:4      | Reached skill level 6 in Axes
  3083 | D:4      | Reached skill level 5 in Fire Magic
  3109 | D:4      | Found a snail-covered altar of Cheibriados.
  3112 | D:4      | Found a radiant altar of Vehumet.
  3218 | D:4      | Found Asecoammabe's Magic Scroll Boutique.
  3223 | D:4      | Bought a scroll of identify for 24 gold pieces
  3223 | D:4      | Bought a scroll of fog for 24 gold pieces
  3223 | D:4      | Bought a scroll of magic mapping for 42 gold pieces
  3223 | D:4      | Bought a scroll of identify for 24 gold pieces
  3223 | D:4      | Bought a scroll of identify for 24 gold pieces
  3229 | D:4      | Gained mutation: You are weak. (Str -2) [potion of
                  | mutation]
  3229 | D:4      | Gained mutation: You have a pair of small antennae on your
                  | head. [potion of mutation]
  3229 | D:4      | Lost mutation: You are weak. (Str -2) [potion of mutation]
  3469 | D:4      | Reached XP level 7. HP: 49/60 MP: 6/11
  3883 | D:5      | Entered Level 5 of the Dungeon
  3892 | D:5      | Noticed Pikel
  3941 | D:5      | Slain by Pikel

Illustrated notes

Levels and vault maps discovered:
D:1:      minmay_arrival_three_doors, layout_basic,
          chequers_ecumenical_altar_simple, st_stairs_2
D:2:      wander_river, layout_basic
D:3:      layout_loops_cross, nicolae_hepliaklqana_hippocampus, serial_undead,
          serial_undead_f, serial_undead_d, serial_undead_e, serial_undead_c,
          serial_undead_d, serial_undead_e, serial_undead_a, serial_undead_a,
          minmay_starry_boxes, uniq_terence
D:4:      layout_basic, nicolae_overflow_squiral, serial_shops,
          kennysheep_little_box, kennysheep_generic_room_10
D:5:      layout_basic, mainiacjoe_overflow_surrounded_room,
          portal_sewer_entry_b, uniq_pikel

Skill      XL: |  1  2  3  4  5  6  7 |
---------------+----------------------+-----
Fighting       | 4 |  4.9
Fire Magic     | 4 5 |  5.4
Axes           | 5 6 |  6.5
Spellcasting   | 2 3 |  3.0

Action                   |  1- 3 |  4- 6 |  7- 9 || total
-------------------------+-------+-------+-------++-------
Melee: Hand axe          |    81 |       |       ||    81
       Mace              |    16 |   126 |    15 ||   157
       Staff             |     2 |    13 |       ||    15
       Punch             |     2 |       |       ||     2
 Cast: Scorch            |     9 |    29 |     6 ||    44
Evoke: Wand              |       |     3 |       ||     3
  Use: Scroll            |       |     3 |     2 ||     5
       Potion            |       |     1 |     1 ||     2
Armor: Robe              |     7 |       |       ||     7
       Troll leather arm |    25 |    39 |    12 ||    76
Dodge: Dodged            |    75 |    80 |    21 ||   176

Table legend: (Time is in decaauts)
 A = Elapsed time spent in this place.
 B = Non-inter-level travel time spent in this place.
 C = Inter-level travel time spent in this place.
 D = Time resting spent in this place.
 E = Time spent auto-exploring this place.
 F = Levels seen in this place.
 G = Mean time per level.
                   A        B        C        D        E       F      G
               +--------+--------+--------+--------+--------+-----+--------+
         Total |   3993 |   3794 |    199 |     48 |   2887 |   5 |  798.6 |
       Dungeon |   3993 |   3794 |    199 |     48 |   2887 |   5 |  798.6 |
               +--------+--------+--------+--------+--------+-----+--------+

Top non-repeatable levels by time:
     D:3: 1264 daAuts
     D:2: 1092 daAuts
     D:4: 959 daAuts
     D:1: 616 daAuts
     D:5: 61 daAuts
